Map: Frost LE

Players

Lysandar

  • Race: Terran Terran
  • League: Diamond

AVEX - Winner!

  • Race: Zerg Zerg
  • League: Diamond

VOD

Have the link to the VOD?

Description

Time

  • Played on: July 19, 2016, 2:50 p.m.
  • Length: 11:19
Show
View Real Time Build Order
Export as new Build Order

Lysandar Terran 

Build Orders: MMM Bio 

Get SALT Encoding   

  12  0:02  SCV  
  13  0:14  SCV  
  13  0:17  Supply Depot  
  14  0:26  SCV  
  15  0:39  SCV  
  15  0:40  Barracks  
  16  0:47  Refinery  
  16  0:51  SCV  
  17  1:04  SCV  
  18  1:16  SCV  
  19  1:31  Orbital Command  
  19  1:35  Barracks Reactor  
  19  1:48  Command Center  
  19  2:00  SCV, Supply Depot  
  20  2:12  Factory  
  20  2:15  Marine  
  20  2:16  Marine  
  20  2:19  SCV  
  23  2:25  Refinery  
  23  2:35  Marine x2  
  25  2:40  SCV  
  26  2:46  Engineering Bay  
  26  2:53  Marine x2  
  26  2:58  Starport  
  28  3:05  Widow Mine  
  30  3:10  SCV  
  31  3:14  Orbital Command  
  31  3:20  Marine  
  31  3:22  SCV  
  33  3:27  Marine  
  33  3:33  Terran Infantry Weapons Level 1  
  34  3:38  Marine  
  34  3:39  Widow Mine  
  37  3:45  Marine  
  37  3:49  Medivac  
  37  3:53  SCV  
  37  3:54  SCV  
  41  3:56  Marine  
  41  4:00  Supply Depot  
  42  4:03  Marine  
  42  4:04  Liberator  
  42  4:06  SCV x2  
  45  4:14  Factory Reactor  
  45  4:21  Marine  
  45  4:22  Marine  
  50  4:36  SCV  
  50  4:37  SCV  
  52  4:40  Command Center  
  52  4:43  Supply Depot  
  52  4:45  Marine x2  
  54  4:58  Liberator  
  54  5:00  Factory Tech Lab  
  54  5:05  SCV x2  
  56  5:15  Marine  
  56  5:16  Marine  
  61  5:23  Barracks  
  61  5:24  Barracks  
  61  5:28  Bunker  
  61  5:30  Supply Depot  
  61  5:37  Marine  
  61  5:40  Factory Tech Lab  
  62  5:51  Marine, SCV x2  
  62  5:55  Marine  
  66  6:03  Orbital Command  
  66  6:09  Marine  
  67  6:13  Marine  
  67  6:15  Barracks Tech Lab  
  67  6:16  Stimpack  
  68  6:19  Marine  
  68  6:22  Terran Infantry Armor Level 1  
  69  6:27  Marine  
  69  6:31  Marine, Medivac x2  
  69  6:32  SCV x2  
  77  6:35  Engineering Bay  
  77  6:45  Marine  
  75  6:52  Orbital Command  
  77  6:54  Siege Tank, Marauder  
  77  6:55  Marine x2  
  77  6:56  SCV  
  77  6:57  SCV  
  84  7:02  Marine  
  85  7:16  Marine  
  85  7:17  Marine  
  85  7:20  Marine  
  85  7:25  Refinery  
  85  7:28  Refinery  
  85  7:34  SCV x3, Marauder, Siege Tank  
  85  7:35  Marauder  
  85  7:44  Marine x2  
  85  7:45  Supply Depot  
  85  7:46  SCV x3, Supply Depot  
  85  7:49  Supply Depot  
  90  7:57  Barracks  
  90  7:58  SCV  
  90  8:01  SCV x2  
  93  8:10  SCV  
  93  8:11  Siege Tank  
  93  8:12  Marauder  
  99  8:13  SCV  
  98  8:21  Armory  
  98  8:22  Marauder  
  98  8:24  Marine x2  
  102  8:30  SCV  
  102  8:31  SCV x2  
  102  8:33  Marauder  
  107  8:34  Bunker  
  107  8:35  Supply Depot  
  107  8:38  Supply Depot  
  107  8:39  Refinery, Concussive Shells  
  107  8:40  Combat Shields  
  107  8:41  Marine, Refinery  
  107  8:42  Marine  
  107  8:43  Marine, SCV x2, Siege Tank  
  115  8:54  Marine  
  116  8:59  Marine  
  116  9:01  Marine x2  
  113  9:12  Marine  
  103  9:17  Marine  
  103  9:20  Marauder  
  100  9:25  Siege Tank, Medivac  
  100  9:26  Medivac, Barracks Reactor  
  100  9:28  Marine, Barracks  
  100  9:30  Marauder  
  110  9:34  SCV x3  
  110  9:35  Marine  
  110  9:37  Supply Depot  
  114  9:46  Marine  
  114  9:48  Marine  
  114  9:51  Command Center  
  114  9:52  Marauder  
  118  9:53  Marine  
  118  9:57  Siege Tank  
  122  10:04  Marine, SCV x2  
  122  10:05  SCV  
  122  10:06  Marine  
  127  10:10  Marine  
  127  10:13  Marauder  
  130  10:16  SCV  
  131  10:24  Marauder  
  133  10:29  Siege Tank  
  133  10:33  Marine x2  
  133  10:34  Marauder  
  113  10:45  Marine  
  94  10:50  Marine  
  94  10:51  Marine  
  94  10:56  Marauder  
Show
View Real Time Build Order
Export as new Build Order

AVEX Zerg - Winner!

Build Orders: Hatch First 

Get SALT Encoding   

  12  0:01  Drone  
  13  0:12  Overlord  
  13  0:18  Drone  
  14  0:31  Drone x2  
  16  0:37  Drone  
  17  0:55  Hatchery  
  16  0:58  Drone  
  16  1:00  Drone  
  16  1:04  Extractor  
  17  1:07  Drone  
  18  1:19  Spawning Pool  
  17  1:27  Drone  
  18  1:44  Drone x2  
  20  1:49  Overlord  
  20  2:06  Queen, Metabolic Boost  
  20  2:08  Zergling x2  
  23  2:09  Queen  
  23  2:12  Zergling x2  
  26  2:18  Drone  
  27  2:27  Drone x2  
  29  2:38  Drone x2  
  31  2:45  Queen x2  
  31  2:50  Overlord  
  35  2:53  Drone  
  36  3:05  Overlord  
  36  3:19  Drone  
  37  3:20  Drone x6  
  43  3:30  Roach Warren  
  43  3:31  Evolution Chamber  
  43  3:32  Evolution Chamber  
  40  3:45  Hatchery  
  39  3:54  Drone  
  39  3:55  Drone x6  
  46  3:58  Pneumatized Carapace  
  46  4:07  Drone  
  46  4:08  Drone x4  
  51  4:11  Extractor  
  51  4:12  Extractor  
  51  4:16  Drone x3  
  52  4:18  Extractor  
  51  4:27  Roach, Spore Crawler  
  51  4:28  Overlord x2  
  52  4:46  Lair  
  52  4:49  Overlord x2  
  52  5:00  Roach x4  
  52  5:01  Roach x2  
  64  5:13  Roach  
  70  5:14  Roach x3  
  70  5:17  Zergling x8  
  76  5:48  Hatchery, Roach x4  
  82  5:50  Overlord  
  82  5:51  Overlord x3  
  82  6:00  Zerg Missile Weapons Level 1, Zerg Ground Armor Level 1  
  82  6:09  Glial Reconstitution  
  82  6:19  Ravager  
  82  6:20  Zergling x14  
  90  6:26  Ravager  
  91  6:39  Roach x4  
  99  6:45  Roach  
  99  6:46  Roach  
  103  6:52  Drone  
  103  6:53  Drone  
  105  7:11  Roach x4  
  113  7:21  Overlord x2  
  113  7:22  Overlord x2  
  113  7:39  Overlord x5  
  113  7:41  Drone  
  113  7:42  Drone x3  
  117  7:54  Zerg Missile Weapons Level 2  
  117  7:55  Zerg Ground Armor Level 2  
  117  8:04  Hatchery  
  116  8:12  Roach  
  119  8:13  Roach x5  
  127  8:24  Drone, Spire  
  127  8:25  Drone x3  
  130  8:38  Roach  
  130  8:39  Roach x4  
  140  8:46  Drone x2  
  140  8:47  Drone x3  
  140  8:48  Drone  
  146  8:50  Drone  
  146  8:51  Drone  
  138  9:12  Roach  
  138  9:13  Roach x7  
  144  9:29  Ravager x2  
  144  9:30  Ravager x2, Roach  
  144  9:31  Roach x9  
  168  9:43  Roach x6  
  180  9:47  Roach x2  
  180  9:50  Extractor  
  180  9:51  Extractor, Hatchery  
  181  9:52  Overlord  
  181  9:55  Overlord  
  181  10:01  Overseer  
  181  10:20  Roach  
  181  10:21  Roach x5  
  193  10:25  Spine Crawler  
  154  10:43  Roach  
  154  10:44  Roach x8  
  154  10:47  Spine Crawler  
Tags
 
Composition
MMM Bio
Matchup
TvZ
Add a new tag
Caveats
  • Supply blocks, unpowered buildings, or Contaminate may cause inaccurate times.
  • Supply counts are checked every 10 seconds.